 Dungeon Crawl Stone Soup version 0.25-a0-294-gea9b1ad378 (webtiles) character file.

Game seed: 5103632931241313390, levelgen mode: deterministic

32 Lanoc the Skirmisher (level 3, 0/29 HPs)
             Began as a Formicid Chaos Knight on Dec 17, 2019.
             Was a Plaything of Xom.
             Succumbed to an adder's poison
             ... on level 6 of the Dungeon.
             The game lasted 00:01:38 (660 turns).

Lanoc the Skirmisher (Formicid Chaos Knight)         Turns: 660, Time: 00:01:39

Health: 0/29       AC:  6    Str: 16    XL:     3   Next: 42%
Magic:  3/3        EV: 11    Int: 11    God:    Xom [..*...]
Gold:   71         SH:  0    Dex: 11    Spells: 2/2 levels left

rFire    . . .     SeeInvis +   a - +0 mace (chaos)
rCold    . . .     Gourm    .   (no shield)
rNeg     + . .     Faith    .   g - +2 leather armour
rPois    .         Spirit   .   (helmet unavailable)
rElec    .         Reflect  .   d - +0 cloak
rCorr    .         Harm     .   (no gloves)
MR       .....                  (no boots)
Stlth    +.........             (no amulet)
HPRegen  0.09/turn              k - ring of positive energy
MPRegen  0.08/turn              (no ring)

@: lethally poisoned (0 -> -2)
A: permanent stasis, dig shafts and tunnels, four strong arms, antennae 3
a: Dig, Shaft Self, Renounce Religion


You were on level 6 of the Dungeon.
You worshipped Xom.
You were a toy of Xom.
You were hungry.

You visited 1 branch of the dungeon, and saw 4 of its levels.

You collected 71 gold pieces.

Inventory:

Hand Weapons
 a - a +0 mace of chaos (weapon)
 b - a +0 hunting sling
Missiles
 f - 30 stones (quivered)
Armour
 d - a +0 cloak (worn)
 g - a +2 leather armour (worn)
Jewellery
 k - a ring of positive energy (left hand)
Scrolls
 e - a scroll of immolation {unknown}
 h - a scroll of remove curse
 i - 2 scrolls of identify
Comestibles
 c - 2 rations


   Skills:
 + Level 3.6 Fighting
 * Level 3.5 Maces & Flails
 + Level 2.6 Armour
 + Level 1.4 Dodging


You had 2 spell levels left.
You didn't know any spells.
Your spell library was empty.

Dungeon Overview and Level Annotations

Branches:
Dungeon (3/15)

Altars:


Innate Abilities, Weirdness & Mutations

You cannot be hasted, slowed, berserked, paralysed or teleported.
You can dig through walls and to a lower floor.
Your four strong arms can wield two-handed weapons with a shield.
You have a pair of large antennae on your head. (SInv)


Message History

The shaft crumbles and collapses.
A goblin comes into view.
The goblin shouts!
Found a ration and a robe.
Found a stone staircase leading down.
Okay, then.
Unknown command.
Are you sure you want to shaft yourself?
You feel quite a bit more hungry.
* * * LOW HITPOINT WARNING * * *
You feel sick.
You begin to dig a shaft.
You continue digging a shaft.
A shaft appears beneath you!
You fall into a shaft and drop 3 floors!
The shaft crumbles and collapses.
Found a stone staircase leading down.
Are you sure you want to shaft yourself?
You are feeling hungry.
You begin to dig a shaft.
You continue digging a shaft.
You die...
Xom thinks this is hilarious!

###
..#
#.#
#.#
#@#
#.#
#.#
>..
###


There were no monsters in sight!

Vanquished Creatures
  An adder (D:1)
  2 dart slugs (D:1)
  2 giant cockroaches (D:1)
  A hobgoblin (D:1)
  3 jackals (D:1)
  2 kobolds (D:1)
  4 bats (D:1)
  A frilled lizard (D:1)
  3 rats (D:1)
19 creatures vanquished.

Notes
Turn   | Place    | Note
-------+----------+-------------------------------------------
     0 | D:1      | Lanoc the Formicid Chaos Knight began the quest for the
                  | Orb.
     0 | D:1      | Reached XP level 1. HP: 18/18 MP: 1/1
    97 | D:1      | Reached skill level 1 in Dodging
   186 | D:1      | Reached XP level 2. HP: 20/24 MP: 2/2
   616 | D:1      | Reached XP level 3. HP: 29/29 MP: 3/3
   651 | D:1      | You fall into a shaft and drop 1 floor!
   651 | D:2      | Noticed a necrophage
   652 | D:2      | HP: 1/29 [poisoned by an adder]
   654 | D:2      | You fall into a shaft and drop 1 floor!
   658 | D:3      | You fall into a shaft and drop 3 floors!
   660 | D:6      | Succumbed to an adder's poison

Levels and vault maps discovered:
D:1:      evilmike_arrival_rings, layout_basic
D:2:      layout_basic, okawaru_trees_2
D:3:      layout_loops_cross, led_xom_imps, uniq_natasha
D:6:      layout_loops_ring, kennysheep_slug_shrine,
          lemuel_zombie_altar_yredelemnul

Skill      XL: |  1 |
---------------+----+-----
Dodging        | 1 |  1.4
Fighting       | |  3.6
Maces & Flails | |  3.5
Armour         | |  2.6

Action                   || total
-------------------------++-------
Melee: Mace              ||    55
 Fire: Hunting sling     ||    12
 Abil: Shaft Self        ||     4
  Use: Scroll            ||     1
       Potion            ||     1
Armor: Leather armour    ||    20
Dodge: Dodged            ||    31

Table legend:
 A = Non-vault XP
 B = Vault XP
 C = Vault XP percentage of total XP
 D = Non-vault monster count
 E = Vault monster count
 F = Vault count percentage of total count
                 A         B        C        D         E       F
            +---------+---------+-------+---------+---------+-------
      Total |      46 |       0 |   0.0 |      19 |       0 |   0.0
            +---------+---------+-------+---------+---------+-------
        D:1 |      46 |       0 |   0.0 |      19 |       0 |   0.0
            +---------+---------+-------+---------+---------+-------
